 Dungeon Crawl Stone Soup version 0.22-a0-322-g60b3cfd (webtiles) character file.

57 Kairos the Covered (level 4, 0/35 HPs)
             Began as a Human Fighter on Apr 3, 2018.
             Succumbed to a goblin's poison
             ... on level 2 of the Dungeon.
             The game lasted 00:01:09 (913 turns).

Kairos the Covered (Human Fighter)                   Turns: 913, Time: 00:01:10

Health: 0/35       AC:  6    Str: 16    XL:     4   Next: 18%
Magic:  4/4        EV:  7    Int:  8    God:
Gold:   50         SH:  9    Dex: 14    Spells: 3/3 levels left

rFire    . . .     SeeInvis .   a - +0 war axe
rCold    . . .     Gourm    +   c - +0 shield
rNeg     . . .     Faith    .   b - +0 scale mail
rPois    .         Spirit   .   (no helmet)
rElec    .         Reflect  .   (no cloak)
rCorr    .         Harm     .   (no gloves)
MR       .....                  (no boots)
Stlth    ..........             n - amulet of the gourmand
HPRegen  0.11/turn              (no ring)
MPRegen  0.09/turn              (no ring)

@: lethally poisoned (0 -> -23)
A: no striking features
a: no special abilities


You were on level 2 of the Dungeon.
You were not hungry.

You visited 1 branch of the dungeon, and saw 2 of its levels.

You collected 50 gold pieces.

Inventory:

Hand Weapons
 a - a +0 war axe (weapon)
Armour
 b - a +0 scale mail (worn)
 c - a +0 shield (worn)
Jewellery
 n - an amulet of the gourmand (around neck)
Scrolls
 e - a scroll of identify {unknown}
 g - 2 scrolls of teleportation {unknown}
 k - a scroll of fog {unknown}
 l - 2 scrolls of enchant weapon {unknown}
 m - a scroll of remove curse {unknown}
Potions
 d - a potion of might
 h - 3 potions of lignification {unknown}
 i - 3 potions of curing {unknown}
 j - a potion of flight {unknown}
Comestibles
 f - 2 rations


   Skills:
 + Level 3.2 Fighting
 + Level 2.8 Axes
 + Level 3.5 Armour
 + Level 0.5 Dodging
 + Level 3.3 Shields


You had 3 spell levels left.
You didn't know any spells.

Dungeon Overview and Level Annotations

Branches:
Dungeon (2/15)

Altars:


Message History

The goblin closely misses you.
You hit the goblin.
The goblin is severely wounded.
You miss the bat.
* * * LOW HITPOINT WARNING * * *
You feel very sick. The bat barely misses you. The bat hits you.
* * * LOW HITPOINT WARNING * * *
The goblin hits you but does no damage.
You are more poisoned.
You slash the goblin!
You kill the goblin!
* * * LOW HITPOINT WARNING * * *
You feel very sick. The bat closely misses you.
* * * LOW HITPOINT WARNING * * *
You feel sick. The bat hits you but does no damage.
The teleport trap disappears.
The bat disappears!
You see here a dagger of venom.
You die...

#.. #.##.# b# ... #.##.#
!... #.# .. #.##.# .....
#.# #.##.# ..... #.#
#..#.# ......
#.#######.#.# ......
#.......#...# .#
......###.......##..##.#
........@.......##..##.#
?........).§....###.##.#
...........###### #..#.#
####......†# #..#.#
######'## #..#.# #.#
#....# #.##### #.#..#
#.....# #.#..#
#####†#####.#..##


You could see a bat.

Vanquished Creatures
  An adder (D:2)
  An ooze (D:1)
  A worm (D:2)
  2 dart slugs (D:1)
  A leopard gecko (D:1)
  4 giant cockroaches
  7 goblins
  2 hobgoblins (D:1)
  2 ball pythons
  2 bats (D:1)
  3 frilled lizards
  4 kobolds
  8 rats
38 creatures vanquished.

Notes
Turn   | Place    | Note
-------+----------+-------------------------------------------
     0 | D:1      | Kairos the Human Fighter began the quest for the Orb.
     0 | D:1      | Reached XP level 1. HP: 18/18 MP: 1/1
    52 | D:1      | Reached XP level 2. HP: 19/24 MP: 2/2
   135 | D:1      | Reached XP level 3. HP: 26/29 MP: 3/3
   807 | D:2      | Reached XP level 4. HP: 32/35 MP: 4/4
   912 | D:2      | HP: 1/35 [poisoned by a goblin]
   913 | D:2      | Succumbed to a goblin's poison

Vault maps used:
D:1:      eino_arrival_cavern_b, minmay_pentomino_u2
D:2:      trog_hazing_becter

Action                   |  1- 3 |  4- 6 || total
-------------------------+-------+-------++-------
Melee: War axe           |    79 |    21 ||   100
Armor: Scale mail        |    43 |    22 ||    65
Dodge: Dodged            |    18 |    15 ||    33
Block: Shield            |    39 |    12 ||    51

Table legend:
 A = Spawn XP
 B = Non-spawn XP
 C = Spawn XP percentage of total XP
 D = Spawn monster count
 E = Non-spawn monster count
 F = Spawn count percentage of total count
 G = Total turns spent on level
                    A         B        C        D         E        F      G
               +---------+---------+-------+---------+---------+-------+---------
         Total |       0 |      82 |   0.0 |       0 |      38 |   0.0 |   913
               +---------+---------+-------+---------+---------+-------+---------
           D:1 |       0 |      54 |   0.0 |       0 |      28 |   0.0 |   692
           D:2 |       0 |      28 |   0.0 |       0 |      10 |   0.0 |   221
               +---------+---------+-------+---------+---------+-------+---------
